 Dungeon Crawl Stone Soup version 0.26-a0-651-gb41185065b (webtiles) character file.

Game seed: 273675199635829944

632 DogServant the Covered (level 7, -8/64 HPs)
             Began as a Minotaur Fighter on Sept 30, 2020.
             Killed by divine providence
             ... invoked by an orc priest
              (15 damage)
             ... on level 4 of the Dungeon.
             The game lasted 00:02:50 (2550 turns).

DogServant the Covered (Minotaur Fighter)           Turns: 2550, Time: 00:02:51

Health: -8/64      AC:  7    Str: 22    XL:     7   Next: 24%
Magic:  6/6        EV:  7    Int:  5    God:
Gold:   122        SH:  9    Dex: 10    Spells: 6/6 levels left

rFire    . . .     SeeInvis .   a - +0 war axe
rCold    . . .     Faith    .   c - +0 kite shield
rNeg     . . .     Spirit   .   b - +0 scale mail
rPois    .         Reflect  .   (helmet restricted)
rElec    .         Harm     .   (no cloak)
rCorr    .         Rampage  .   (no gloves)
MR       .....                  (no boots)
Stlth    ..........             (no amulet)
HPRegen  0.20/turn              (no ring)
MPRegen  0.10/turn              (no ring)

@: no status effects
A: retaliatory headbutt, horns 2
a: no special abilities


You were on level 4 of the Dungeon.
You visited 1 branch of the dungeon, and saw 4 of its levels.

You collected 122 gold pieces.

Inventory:

Hand Weapons
 a - a +0 war axe (weapon)
Missiles
 m - 3 javelins (quivered)
Armour
 b - a +0 scale mail (worn)
 c - a +0 kite shield (worn)
Wands
 q - a wand of flame (12)
Scrolls
 e - a scroll of fear {unknown}
 f - 2 scrolls of teleportation {unknown}
 j - a scroll of magic mapping {unknown}
 k - 2 scrolls of remove curse {unknown}
 l - a scroll of identify {unknown}
Potions
 d - a potion of cancellation {unknown}
 g - a potion of invisibility {unknown}
 h - a potion of berserk rage {unknown}
 i - 2 potions of curing {unknown}
 n - a potion of magic {unknown}
 o - a potion of brilliance {unknown}
 p - a potion of heal wounds {unknown}
 r - a potion of mutation {unknown}
 s - a potion of stabbing {unknown}


   Skills:
 + Level 6.5 Fighting
 + Level 5.9 Axes
 + Level 6.5 Armour
 - Level 3.8 Shields


You had 6 spell levels left.
You didn't know any spells.
Your spell library was empty.

Dungeon Overview and Level Annotations

Branches:
Dungeon (4/15)
 Temple: D:4-7

Altars:
Hepliaklqana
Trog


Innate Abilities, Weirdness & Mutations

You reflexively headbutt those who attack you in melee.
You have a pair of horns on your head.


Message History

Things that are here:
a +0 shortbow; 13 arrows; a centaur corpse
There is a stone staircase leading up here.
The orc priest looks braver for a moment.
You slash the orc!
You kill the orc!
The orc priest invokes the aid of Beogh against you.
Beogh smites you!
* * * LOW HITPOINT WARNING * * *
The orc priest closely misses you.
You see here a +0 short sword.
You slash the orc priest!
The orc priest is heavily wounded.
You block the orc priest's attack.
You barely miss the orc priest.
The orc priest is heavily wounded.
The orc priest completely misses you.
The orc priest calls down the wrath of Beogh upon you.
Beogh smites you!
You die...

#.....#.#
#.......#
#.......##
#.....<..#
##.##)#..#
#.#.###.#
#o)## #.#
#o#.## ##
#@##.#..#
#.......#
####.####
.# .# .#
.. ##


You could see an orc priest and an orc.

Vanquished Creatures
  Grinder (D:3)
  Sigmund (D:2)
  A centaur (D:4)
  Jessica (D:2)
  Ijyb (D:3)
  4 adders (D:2)
  2 oozes
  3 worms
  2 dart slugs (D:1)
  A leopard gecko (D:3)
  5 orcs
  2 ball pythons
  4 giant cockroaches
  10 goblins
  6 hobgoblins
  8 jackals (D:1)
  7 kobolds
  A quokka (D:2)
  9 bats
  3 frilled lizards
  5 rats
77 creatures vanquished.

Vanquished Creatures (others)
  4 plants (D:3)
4 creatures vanquished.

Grand Total: 81 creatures vanquished

Notes
Turn   | Place    | Note
-------+----------+-------------------------------------------
     0 | D:1      | DogServant the Minotaur Fighter began the quest for the
                  | Orb.
     0 | D:1      | Reached XP level 1. HP: 19/19 MP: 0/0
    85 | D:1      | Reached XP level 2. HP: 27/27 MP: 1/1
   438 | D:1      | Reached XP level 3. HP: 33/33 MP: 2/2
  1069 | D:2      | Noticed Jessica
  1076 | D:2      | Killed Jessica
  1076 | D:2      | Reached XP level 4. HP: 37/41 MP: 3/3
  1128 | D:2      | Noticed Sigmund
  1135 | D:2      | Killed Sigmund
  1135 | D:2      | Reached skill level 5 in Fighting
  1135 | D:2      | Reached skill level 5 in Armour
  1135 | D:2      | Reached XP level 5. HP: 23/48 MP: 4/4
  1135 | D:2      | Reached XP level 6. HP: 27/56 MP: 5/5
  1760 | D:3      | Noticed Grinder
  1771 | D:3      | Killed Grinder
  1771 | D:3      | Reached skill level 5 in Axes
  2007 | D:3      | Noticed Ijyb
  2018 | D:3      | Killed Ijyb
  2018 | D:3      | Reached XP level 7. HP: 56/63 MP: 6/6
  2099 | D:3      | Found a bloodstained altar of Trog.
  2378 | D:3      | Found a hazy altar of Hepliaklqana.
  2550 | D:4      | Killed from afar by an orc priest

Illustrated notes

Levels and vault maps discovered:
D:1:      doesnt_arrival_eight_statues, layout_loops_ring, st_stairs_6
D:2:      layout_basic, uniq_sigmund, uniq_jessica
D:3:      minmay_evil_eye, layout_rooms, lemuel_doored_altar,
          lemuel_coloured_pillars_altar, serial_forest, infiniplex_forest_end_2,
          infiniplex_forest_clump_small, infiniplex_forest_straight_4,
          infiniplex_forest_end_3, infiniplex_forest_clump_cross, uniq_ijyb,
          uniq_grinder
D:4:      layout_loops_cross, minmay_snake_closets, uniq_crazy_yiuf_cottage

Skill      XL: |  1  2  3  4  5  6 |
---------------+-------------------+-----
Fighting       | 4 5 6 |  6.5
Armour         | 4 5 6 |  6.5
Axes           | 3 4 5 |  5.9
Shields        | |  3.8

Action                   |  1- 3 |  4- 6 |  7- 9 || total
-------------------------+-------+-------+-------++-------
Melee: War axe           |    91 |    66 |    30 ||   187
       Headbutt          |     5 |     5 |     4 ||    14
Throw: Javelin           |       |     3 |       ||     3
  Use: Potion            |       |     1 |       ||     1
Armor: Scale mail        |    44 |    25 |    11 ||    80
Dodge: Dodged            |    31 |    19 |     6 ||    56
Block: Kite shield       |    51 |    37 |    21 ||   109

Table legend: (Time is in decaauts)
 A = Elapsed time spent in this place.
 B = Non-inter-level travel time spent in this place.
 C = Inter-level travel time spent in this place.
 D = Time resting spent in this place.
 E = Time spent auto-exploring this place.
 F = Levels seen in this place.
 G = Mean time per level.
                   A        B        C        D        E       F      G
               +--------+--------+--------+--------+--------+-----+--------+
         Total |   2620 |   2567 |     53 |      0 |   2087 |   4 |  655.0 |
       Dungeon |   2620 |   2567 |     53 |      0 |   2087 |   4 |  655.0 |
               +--------+--------+--------+--------+--------+-----+--------+

Top non-repeatable levels by time:
     D:2: 1110 daAuts
     D:3: 794 daAuts
     D:1: 694 daAuts
     D:4: 22 daAuts
